 Dungeon Crawl Stone Soup version 0.23.1 (webtiles) character file.

Game seed: 15831104775624542994

21 Irenicus the Grave Robber (level 2, 0/22 HPs)
             Began as a Deep Dwarf Necromancer on Mar 18, 2019.
             Slain by a kobold
             ... wielding a +0 short sword
              (5 damage)
             ... on level 1 of the Dungeon.
             The game lasted 00:01:59 (243 turns).

Irenicus the Grave Robber (Deep Dwarf Necromancer)   Turns: 243, Time: 00:02:00

Health: 0/22       AC:  2    Str: 11    XL:     2   Next: 62%
Magic:  0/5        EV: 12    Int: 15    God:
Gold:   11         SH:  0    Dex: 13    Spells: 4/5 levels left

rFire    . . .     SeeInvis .   b - +1 dagger
rCold    . . .     Gourm    .   (no shield)
rNeg     . . .     Faith    .   a - +0 robe
rPois    .         Spirit   .   (no helmet)
rElec    .         Reflect  .   (no cloak)
rCorr    .         Harm     .   (no gloves)
MR       .....                  (no boots)
Stlth    ++........             (no amulet)
HPRegen  0.00/turn              (no ring)
MPRegen  0.09/turn              (no ring)

@: non-regenerating
A: damage resistance, heal wounds, sense surroundings 1, no regeneration
a: Heal Wounds


You were on level 1 of the Dungeon.
You were not hungry.

You visited 1 branch of the dungeon, and saw 1 of its levels.

You collected 11 gold pieces.

Inventory:

Hand Weapons
 b - a +1 dagger (weapon)
   (You took it off a goblin on level 1 of the Dungeon)
Armour
 a - a +0 robe (worn)
Comestibles
 c - 2 rations


   Skills:
 - Level 2.1 Dodging
 - Level 2.4 Stealth
 - Level 2.1 Spellcasting
 + Level 5.0 Necromancy


You had 4 spell levels left.
You knew the following spells:

 Your Spells              Type           Power        Failure   Level  Hunger
a - Pain                  Necr           ###.         2%          1    #......

Your spell library contained the following spells:

 Spells                   Type           Power        Failure   Level  Hunger
 Animate Skeleton         Necr           N/A          2%          1    #......
 Vampiric Draining        Necr           ###.......   9%          3    ###....
 Animate Dead             Necr           N/A          26%         4    #####..
 Regeneration             Chrm/Necr      Unusable     N/A         3    N/A

Dungeon Overview and Level Annotations

Branches:
Dungeon (1/15)

Altars:


Innate Abilities, Weirdness & Mutations

You are resistant to damage.
You can heal yourself by infusing magical energy.
You passively map a small area around you.
You do not regenerate.


Message History

You see here a dart slug corpse.
You see here a +0 club.
A kobold comes into view.
You see here a hobgoblin corpse.
The kobold shouts!
The kobold throws a stone.
The stone closely misses you.
You see here a stone.
The kobold throws a stone.
The stone misses you.
You see here a stone.
Aim: a kobold (chance to defeat MR: 87%)
The kobold writhes in agony.
The kobold throws a stone.
The stone barely misses you.
A rat comes into view.
You now have 0/5 mp.
The kobold throws a stone.
The stone barely misses you.
Your magical contamination has completely faded away.
You hit the kobold but do no damage. The kobold closely misses you.
You hit the kobold.
You kill the kobold!
You see here a kobold corpse.
You hit the rat but do no damage. The rat bites you.
You closely miss the rat. The rat bites you.
You closely miss the rat. The rat barely misses you.
You barely miss the rat. The rat bites you.
You closely miss the rat. The rat bites you.
You hit the rat.
You kill the rat!
You see here a rat corpse.
You open the door.
There is an open door here.
There is a dry fountain here.
You open the door.
There is an open door here.
A goblin comes into view. It is wielding a +0 dagger.
The goblin shouts!
MP restored: 5
Aim: a goblin, wielding a +0 dagger (chance to defeat MR: 87%)
The goblin writhes in agony.
You now have 4/5 mp.
Aim: a goblin, wielding a +0 dagger (severely wounded, chance to defeat MR: 87%)
The goblin writhes in agony!
You kill the goblin!
You now have 3/5 mp.
Things that are here:
a +0 dagger; a goblin corpse
Okay, then.
A bat comes into view.
Aim: a bat (chance to defeat MR: 87%)
The bat writhes in agony!
You kill the bat!
You now have 2/5 mp.
You see here a bat corpse.
A kobold comes into view.
A goblin comes into view. It is wielding a +0 dagger.
A hobgoblin comes into view. It is wielding a +0 club.
Aim: a hobgoblin, wielding a +0 club (resting, chance to defeat MR: 87%)
The hobgoblin shouts!
The hobgoblin writhes in agony.
You kill the hobgoblin!
Your Necromancy skill increases to level 5!
The kobold shouts!
The goblin shouts!
You now have 3/5 mp.
Aim: a kobold (chance to defeat MR: 87%)
The kobold writhes in agony.
A kobold comes into view. It is wielding a +0 short sword.
You now have 2/5 mp.
Aim: a kobold (severely wounded, chance to defeat MR: 87%)
The kobold writhes in agony.
You kill the kobold!
The kobold throws a stone.
The stone hits you but does no damage.
You now have 1/5 mp.
Aim: a goblin, wielding a +0 dagger (chance to defeat MR: 87%)
The goblin writhes in agony.
You kill the goblin!
The kobold throws a stone.
The stone barely misses you.
You now have 0/5 mp.
The kobold throws a stone.
The stone barely misses you.
The kobold throws a stone.
The stone hits you but does no damage.
Things that are here:
a stone; 8 needles of sleeping The kobold throws a stone.
The stone closely misses you. The kobold completely misses you.
Things that are here:
a +0 dagger; a goblin corpse
Aim: a kobold, wielding a +0 short sword (chance to defeat MR: 87%)
The kobold barely resists.
The kobold hits you with a +0 short sword.
You take 2 damage, and have 7/22 hp.
You now have 0/5 mp.
The kobold hits you with a +0 short sword.
* * * LOW HITPOINT WARNING * * *
You take 2 damage, and have 5/22 hp.
A goblin comes into view. It is wielding a +0 dagger.
You see here 11 gold pieces.
Aim: a kobold, wielding a +0 short sword (chance to defeat MR: 87%)
The kobold writhes in agony.
The kobold hits you with a +0 short sword.
You now have 0/5 mp.
You now have 11 gold pieces.
The kobold hits you with a +0 short sword.
You die...

#.......†.(......#
#......).#######.#
#......).# #.#
#........# #.# ,
#.######## #.# *
#.####### #.#
#......(# #.#
#.K####.# #.# #.@#
* #.## * , #..#
#..# *...g#
########.# #.#...*
.........# ,
#.#... ######..#
#,..... #†.# .....
#..# .......
#######..# ,
#......[.#


You could see a goblin and a kobold.

Vanquished Creatures
  2 dart slugs (D:1)
  3 hobgoblins (D:1)
  A bat (D:1)
  2 frilled lizards (D:1)
  6 goblins (D:1)
  2 kobolds (D:1)
  A rat (D:1)
17 creatures vanquished.

Notes
Turn   | Place    | Note
-------+----------+-------------------------------------------
     0 | D:1      | Irenicus the Deep Dwarf Necromancer began the quest for the
                  | Orb.
     0 | D:1      | Reached XP level 1. HP: 15/15 MP: 3/3
    92 | D:1      | Reached skill level 2 in Spellcasting
   120 | D:1      | Reached XP level 2. HP: 17/22 MP: 1/5
   223 | D:1      | Reached skill level 5 in Necromancy
   233 | D:1      | HP: 5/22 [kobold/+0 short sword (2)]
   243 | D:1      | Slain by a kobold

Skill      XL: |  1  2 |
---------------+-------+-----
Spellcasting   | 2 |  2.1
Necromancy     | 5 |  5.0
Dodging        | |  2.1
Stealth        | |  2.4

Action                   || total
-------------------------++-------
Melee: Dagger            ||    21
 Cast: Pain              ||    21
  Use: Scroll            ||     2
 Stab: Sleeping          ||     1
Armor: Robe              ||     3
Dodge: Dodged            ||    20

Levels and vault maps discovered:
D:1:      dpeg_arrival_more_subterranean_lakeside_camping, layout_loops_ring,
          minmay_misc_feat_room

Table legend:
 A = Turns spent in this place as a percentage of turns spent in the entire game.
 B = Non-inter-level travel turns spent in this place as a percentage of non-inter-level travel turns spent in the entire game.
 C = Inter-level travel turns spent in this place as a percentage of turns spent in this place.
 D = Turns resting spent in this place as a percentage of non-inter-level travel turns spent in this place.
 E = Turns spent auto-exploring this place as a percentage of non-inter-level travel turns spent in this place.
 F = Non-inter-level travel turns spent in this place divided by the number of levels of this place that you've seen.
                   A       B       C       D       E      F
               +-------+-------+-------+-------+-------+----------------------
         Total | 100.0 | 100.0 |   0.0 |   0.0 |   0.0 | 243.0
       Dungeon | 100.0 | 100.0 |   0.0 |   0.0 |   0.0 | 243.0
               +-------+-------+-------+-------+-------+----------------------

Table legend:
 A = Kills in this place as a percentage of kills in entire the game.
 B = Kills by you in this place as a percentage of kills by you in the entire game.
 C = Kills by friends in this place as a percentage of kills by friends in the entire game.
 D = Other kills in this place as a percentage of other kills in the entire game.
 E = Experience gained in this place as a percentage of experience gained in the entire game.
 F = Experience gained in this place divided by the number of levels of this place that you have seen.
                   A       B       C       D       E      F
               +-------+-------+-------+-------+-------+----------------------
         Total | 100.0 | 100.0 |   N/A |   N/A | 100.0 |  30.0
       Dungeon | 100.0 | 100.0 |   N/A |   N/A | 100.0 |  30.0
               +-------+-------+-------+-------+-------+----------------------
